 Dungeon Crawl Stone Soup version 0.21.1-1-g345015f (webtiles) character file.

32 inc the Conjurer (level 3, 14/14 HPs)
             Began as a Felid Venom Mage on Mar 3, 2018.
             Quit the game on level 4 of the Dungeon.
             The game lasted 00:05:07 (3117 turns).

inc the Conjurer (Felid Venom Mage)                 Turns: 3117, Time: 00:05:08

Health: 14/14      AC:  1    Str:  4    XL:     3   Next: 8%
Magic:  7/7        EV: 18    Int: 17    God:
Gold:   118        SH:  0    Dex: 16    Spells: 5/6 levels left
                                        Lives:  0   Deaths: 1

rFire    . . .     SeeInvis +   (weapon unavailable)
rCold    . . .     Gourm    .   (shield unavailable)
rNeg     . . .     Faith    .   (armour unavailable)
rPois    .         Spirit   .   (helmet unavailable)
rElec    .         Reflect  .   (cloak unavailable)
rCorr    .         Harm     .   (gloves unavailable)
MR       .....                  (boots unavailable)
Stlth    +++.......             (no amulet)
HPRegen  0.04/turn              (no ring)
MPRegen  0.10/turn              (no ring)

@: quick
A: very small, no armour, no weapons or thrown items, stealth, claws 1, fangs 3,
see invisible, carnivore, speed 1, shaggy fur 1, slow metabolism 1, sharp paws
a: no special abilities


You were on level 4 of the Dungeon.
You were not hungry.

You visited 1 branch of the dungeon, and saw 4 of its levels.

You collected 118 gold pieces.

Inventory:

Jewellery
 k - an uncursed ring of ice
Scrolls
 e - 3 scrolls of remove curse {unknown}
 f - a scroll of identify {unknown}
 g - a scroll of teleportation {unknown}
 i - a scroll of random uselessness {unknown}
Potions
 c - 2 potions of lignification {unknown}
 d - a potion of invisibility {unknown}
 h - a potion of resistance {unknown}
 j - a potion of flight {unknown}
 l - a potion of curing {unknown}
Books
 a - a Young Poisoner's Handbook

   Spells                             Type                      Level
   a - Sting                          Conjuration/Poison           1
   b - Poisonous Vapours              Poison/Air                   2
   c - Mephitic Cloud                 Conjuration/Poison/Air       3
   d - Olgreb's Toxic Radiance        Poison                       4
   e - Venom Bolt                     Conjuration/Poison           5
Comestibles
 b - 4 rations


   Skills:
 - Level 2.6 Dodging
 - Level 2.6 Stealth
 + Level 0.6 Unarmed Combat
 - Level 2.0 Spellcasting
 - Level 3.5 Conjurations
 - Level 2.6 Poison Magic


You had 5 spell levels left.
You knew the following spells:

 Your Spells              Type           Power        Failure   Level  Hunger
a - Sting                 Conj/Pois      ##..         5%          1    #......


Dungeon Overview and Level Annotations

Branches:
Dungeon (4/15)
 Temple: D:4-7

Altars:

Annotations:
D:3 soepske's ghost, amateur KoFi


Innate Abilities, Weirdness & Mutations

You cannot wear armour.
You are incapable of wielding weapons or throwing items.
Your paws allow you to move quietly. (Stealth)
You have sharp claws.
You have razor-sharp teeth.
You have supernaturally acute eyesight. (SInv)
You are carnivorous and can eat meat at any time.
You cover ground quickly.
You are covered in fur. (AC +1)
You have a slow metabolism.
Your sharp claws are effective at attacking unaware monsters.


Message History

Press: ? - help, Shift-Dir - straight line, f/p - orc priest
Aim: an orc priest, wielding a flail and wearing a scale mail (lightly wounded, poisoned)
The sting hits the orc priest.
The orc priest appears unharmed.
The orc priest is lightly wounded.
The orc priest completely misses you.
An orc wizard comes into view. It is wielding a dagger.
The orc priest looks more healthy.
The orc priest mumbles some strange prayers to Beogh against you.
Beogh smites you!
Ouch! That really hurt!
* * * LOW HITPOINT WARNING * * *
The orc priest mumbles some strange prayers to Beogh against you.
Beogh smites you!
Ouch! That really hurt!
You die...
The orc priest invokes the aid of Beogh against you.
Beogh smites you!
You are now level 3!
You rejoin the land of the living...
Are you sure you want to abandon this character and quit the game? (Confirm with "yes".)

#.########.#
#.# #.#
#############
#.#
#...........#
#.#
###########.#
#.# #.# #.#
#.# #.#
#.####.#
#.@....#
########


There were no monsters in sight!

Vanquished Creatures
  3 adders
  A worm (D:1)
  A dart slug (D:1)
  3 leopard geckos
  An orc (D:3)
  A ball python (D:2)
  7 goblins
  5 hobgoblins
  5 kobolds
  2 bats
  3 frilled lizards
  7 rats
39 creatures vanquished.

Notes
Turn   | Place    | Note
-------+----------+-------------------------------------------
     0 | D:1      | inc the Felid Venom Mage began the quest for the Orb.
     0 | D:1      | Reached XP level 1. HP: 7/7 MP: 4/4
    17 | D:1      | Reached skill level 1 in Conjurations
   675 | D:1      | Reached XP level 2. HP: 11/11 MP: 3/6
   720 | D:1      | Reached skill level 2 in Conjurations
  1585 | D:1      | Reached XP level 3. HP: 14/14 MP: 2/7
  2219 | D:2      | Reached skill level 3 in Conjurations
  2887 | D:3      | Noticed soepske's ghost (amateur KoFi)
  3054 | D:4      | Reached XP level 4. HP: 18/18 MP: 3/8
  3116 | D:4      | Killed from afar by an orc priest
  3117 | D:4      | Reached XP level 3. HP: -4/14 MP: 3/7
  3117 | D:4      | Quit the game

Skill      XL: |  1  2  3 |
---------------+----------+-----
Conjurations   | 1 2 3 |  3.5
Dodging        | |  2.6
Stealth        | |  2.6
Unarmed Combat | |  0.6
Spellcasting   | |  2.0
Poison Magic   | |  2.6

Action                   |  1- 3 |  4- 6 || total
-------------------------+-------+-------++-------
Melee: Unarmed           |    35 |       ||    35
       Bite              |     3 |       ||     3
 Cast: Sting             |   120 |     6 ||   126
 Stab: Sleeping          |     1 |       ||     1
  Eat: Chunk             |     4 |     1 ||     5
Armor: Skin              |     3 |       ||     3
Dodge: Dodged            |    42 |     1 ||    43
